 Dungeon Crawl Stone Soup version 0.20.1-1-g8b1a95d (webtiles) character file.

216 Irenicus the Chopper (level 5, -3/45 HPs)
             Began as a Deep Dwarf Gladiator on Nov 11, 2017.
             Killed from afar by an orc wizard (10 damage)
             ... with a magic dart
             ... on level 4 of the Dungeon.
             The game lasted 00:05:25 (861 turns).

Irenicus the Chopper (Deep Dwarf Gladiator)          Turns: 861, Time: 00:05:25

Health: -3/45      AC:  7    Str: 18    XL:     5   Next: 61%
Magic:  5/5        EV: 18    Int:  8    God:
Gold:   58         SH:  0    Dex: 20    Spells: 4/4 levels left

rFire    . . .     SeeInvis .   a - +0 war axe
rCold    . . .     Gourm    .   (no shield)
rNeg     . . .     Faith    .   e - +0 ring mail
rPois    .         Spirit   .   c - +0 helmet
rElec    .         Reflect  .   (no cloak)
rCorr    .         Harm     .   (no gloves)
MR       .....                  j - +0 pair of boots
Stlth    ++........             (no amulet)
Regen    0.0/turn               (no ring)
MPRegen  0.1/turn               (no ring)

@: agile, non-regenerating
A: damage resistance, heal wounds, sense surroundings 1, no regeneration
a: Heal Wounds


You were on level 4 of the Dungeon.
You were not hungry.

You visited 1 branch of the dungeon, and saw 4 of its levels.

You collected 58 gold pieces.

Inventory:

Hand Weapons
 a - a +0 war axe (weapon)
Missiles
 d - 2 throwing nets (quivered)
Armour
 b - a +0 leather armour
 c - a +0 helmet (worn)
 e - a +0 ring mail (worn)
 j - a +0 pair of boots (worn)
Scrolls
 g - a scroll of enchant armour {unknown}
 i - 3 scrolls of identify {unknown}
 k - a scroll of blinking {unknown}
 n - a scroll of immolation {unknown}
 o - a scroll of enchant weapon {unknown}
Potions
 l - a potion of haste {unknown}
 m - a potion of agility
 p - a potion of curing {unknown}
 q - a potion of mutation {unknown}
Comestibles
 f - 4 bread rations
 h - 2 royal jellies


   Skills:
 - Level 1.7 Fighting
 + Level 6.9 Axes
 - Level 1.7 Throwing
 - Level 1.0 Armour
 - Level 3.2 Dodging


You had 4 spell levels left.
You didn't know any spells.

Dungeon Overview and Level Annotations

Branches:
Dungeon (4/15)
 Temple: D:4-7

Altars:


Innate Abilities, Weirdness & Mutations

You are resistant to damage.
You can heal yourself by infusing magical energy.
You passively map a small area around you.
You do not regenerate.


Message History

The orc wizard hits you but does no damage.
You closely miss the orc wizard.
The orc wizard is severely wounded.
The orc wizard points at you and mumbles some strange words.
The magic dart hits you!
* * * LOW HITPOINT WARNING * * *
You closely miss the orc wizard.
The orc wizard is severely wounded.
The orc wizard closely misses you.
You hit the orc wizard but do no damage.
The orc wizard is severely wounded.
The orc wizard hits you but does no damage.
You closely miss the orc wizard.
The orc wizard is severely wounded.
The orc wizard barely misses you.
It was a potion of agility.
You feel agile all of a sudden. The orc wizard casts a spell at you.
The magic dart hits you!
You die...

, , #.#
#.##.. * ,
.. #.#.. ,,
,,, *#. #...
, ,
##.##..** ,
#.....#* *
.####.#.#<#
......#)..#
*, * * *
...###.(###
* #....$@.#
* * ,
#####..o# **
,, * , *
#.....# * *
, , * * *
#.#.#..#, ,
* ..........
,
###.#?.....#
,
#.######...
, #.* *..# ,
, ..


You could see an orc wizard.

Vanquished Creatures
  An orc priest (D:3)
  2 orc wizards (D:3)
  Jessica (D:2)
  4 adders
  An ooze (D:3)
  2 worms
  2 dart slugs (D:1)
  A leopard gecko (D:2)
  7 orcs
  4 bats
  2 goblins
  10 hobgoblins
  4 jackals (D:1)
  A quokka (D:3)
  A ball python (D:3)
  2 frilled lizards (D:1)
  6 kobolds
  2 rats (D:1)
53 creatures vanquished.

Notes
Turn   | Place    | Note
-------+----------+-------------------------------------------
     0 | D:1      | Irenicus the Deep Dwarf Gladiator began the quest for the Orb.
     0 | D:1      | Reached XP level 1. HP: 19/19 MP: 1/1
    26 | D:1      | Reached skill level 4 in Axes
    26 | D:1      | Reached XP level 2. HP: 23/26 MP: 2/2
   205 | D:1      | Reached skill level 1 in Armour
   343 | D:1      | Reached XP level 3. HP: 27/32 MP: 3/3
   404 | D:2      | Noticed Jessica
   409 | D:2      | Killed Jessica
   409 | D:2      | Reached skill level 5 in Axes
   415 | D:2      | Reached XP level 4. HP: 33/39 MP: 4/4
   475 | D:3      | Reached skill level 6 in Axes
   488 | D:3      | Reached XP level 5. HP: 15/45 MP: 5/5
   861 | D:4      | Killed from afar by an orc wizard

Skill      XL: |  1  2  3  4 |
---------------+-------------+-----
Axes           | 4 5 6 |  6.9
Armour         | 1 |  1.0
Fighting       | |  1.7
Throwing       | |  1.7
Dodging        | |  3.2

Action                   |  1- 3 |  4- 6 || total
-------------------------+-------+-------++-------
Melee: War axe           |    60 |    93 ||   153
Throw: Throwing net      |       |     2 ||     2
  Use: Potion            |       |     1 ||     1
 Stab: Held in net/web   |       |     1 ||     1
Armor: Leather armour    |     4 |       ||     4
       Ring mail         |    29 |    42 ||    71
Dodge: Dodged            |    48 |    57 ||   105
